 Dungeon Crawl Stone Soup version 0.29-a0-322-g68df515428 (webtiles) character file.

Game seed: 10210495181642011861

203 Bnni the Sneak (level 5, 0/36 HPs)
             Began as an Octopode Brigand on Apr 5, 2022.
             Slain by an orc wizard
             ... wielding a +0 dagger
              (2 damage)
             ... on level 4 of the Dungeon.
             The game lasted 00:06:27 (3073 turns).

Bnni the Sneak (Octopode Brigand)                   Turns: 3073, Time: 00:06:29

Health: 0/36       AC:  1    Str: 10 (13) XL:     5   Next: 81%
Magic:  5/5        EV: 12    Int: 11 (13) God:
Gold:   172        SH:  0    Dex: 11 (13) Spells: 2/4 levels left

rFire   . . .      SeeInvis .   a - +2 dagger
rCold   . . .      Faith    .   (no shield)
rNeg    . . .      Spirit   .   (helmet restricted)
rPois   +          Reflect  .   (no amulet)
rElec   .          Harm     .   g - ring of poison resistance
rCorr   .          Rampage  .   (no ring)
Will    .....                   (no ring)
Stlth   ++++......              (no ring)
HPRegen 0.12/turn               (no ring)
MPRegen 0.09/turn               (no ring)
                                (no ring)
                                (no ring)

@: mighty, attractive, hasted, very quick
A: almost no armour, amphibious, 8 rings, camouflage 1, gelatinous body 1,
(nimble swimmer 1), tentacles
a: no special abilities


You were on level 4 of the Dungeon.
You visited 1 branch of the dungeon, and saw 4 of its levels.

You collected 172 gold pieces.

Inventory:

Hand Weapons
 a - a +2 dagger (weapon)
Missiles
 b - 9 poisoned darts (quivered)
 c - 3 curare-tipped darts
Jewellery
 g - a ring of poison resistance (left tentacle)
Wands
 j - a wand of polymorph (9)
 p - a wand of flame (12)
Scrolls
 f - a scroll of noise {unknown}
 i - 2 scrolls of fog {unknown}
 l - a scroll of torment {unknown}
 m - a scroll of magic mapping {unknown}
 o - a scroll of summoning {unknown}
Potions
 k - a potion of degeneration


   Skills:
 + Level 3.3 Fighting
 - Level 2.0(2.2) Short Blades
 - Level 1.5(2.1) Long Blades
 - Level 2.0 Throwing
 - Level 1.0 Dodging
 - Level 5.6 Stealth
 * Level 3.1 Unarmed Combat
 + Level 2.0 Transmutations


You had 2 spell levels left.
You knew the following spells:

 Your Spells              Type           Power      Damage    Failure   Level
a - Wereblood             Tmut           4%         N/A       24%         2

Your spell library contained the following spells:

 Spells                   Type           Power      Damage    Failure   Level
 Beastly Appendage        Tmut           8%         N/A       16%         1
 Summon Small Mammal      Summ           0%         N/A       34%         1
 Ensorcelled Hibernation  Hex/Ice        0%         N/A       47%         2
 Spider Form              Tmut/Pois      2%         N/A       56%         3
 Call Canine Familiar     Summ           0%         N/A       71%         3
 Dazzling Flash           Conj/Hex       0%         N/A       71%         3
 Summon Guardian Golem    Hex/Summ       0%         N/A       71%         3
 Anguish                  Hex/Necr       0%         N/A       98%         4
 Iskenderun's Mystic Bla  Conj/Tloc      0%         2d3       98%         4
 Starburst                Conj/Fire      0%         6d3       100%        6


Dungeon Overview and Level Annotations

Branches:
Dungeon (4/15)
 Temple: D:4-7

Altars:
Kikubaaqudgha

Shops:
D:1 *==[


Innate Abilities, Weirdness & Mutations

You cannot wear most types of armour.
You are amphibious.
You can wear up to eight rings at the same time.
Your skin changes colour to match your surroundings (Stealth+).
Your rubbery body absorbs attacks. (AC +1, EV +1)
((You are camouflaged when in or above water. (Stealth+)))
You have tentacles for arms and can constrict up to eight enemies at once.


Message History

The orc wizard gestures wildly while chanting.
The orc wizard flickers and vanishes!
Deactivating autopickup; reactivate with Ctrl-A.
The orc hits you with a +0 short sword. The orc hits you with a +0 mace.
It was a potion of degeneration.
There was something very wrong with that liquid.
You feel weakened.
You feel dopey.
You feel clumsy.
You constrict the orc, but do no damage.
The orc barely misses you. The orc misses you.
It was a potion of haste.
You feel yourself speed up.
You constrict the orc, but do no damage.
The orc barely misses you. The orc hits you with a +0 short sword.
You completely miss the orc.
The orc is almost dead.
You constrict the orc.
You kill the orc!
A magic dart appears from out of thin air!
The magic dart hits you!
* * * LOW HITPOINT WARNING * * *
It was a potion of attraction.
You feel attractive to monsters. The orc hits you with a +0 mace.
* * * LOW HITPOINT WARNING * * *
The orc closely misses you. The orc is attracted toward you.
Something is attracted toward you.
It was a potion of curing.
You feel better.
It was a potion of might.
You feel very mighty all of a sudden.
A ball python comes into view.
The orc hits you with a +0 trident.
* * * LOW HITPOINT WARNING * * *
The orc closely misses you. Something barely misses you.
The ball python is attracted toward you.
The ball python hisses angrily.
You puncture the orc!
You kill the orc!
The orc hits you with a +0 mace.
* * * LOW HITPOINT WARNING * * *
Something hits you.
You die...

#................
#.....[..<.......
######.............
####..##......§.......
##....).....#..#.......
#...#.....§.#.###......
##..#.....)S..##....... ##
#......oo..............
##..#.......@)......##.##.#
#...................#
....#...............#
.....................
...................##
..................##
.#...............##
##...............
#................


You could see 2 orcs and a ball python.

Vanquished Creatures
  2 electric eels (D:3)
  2 hounds
  An adder (D:2)
  2 worms (D:2)
  A dart slug (D:1)
  2 orcs (D:4)
  7 ball pythons
  3 bats
  A bat zombie (D:3)
  3 endoplasms
  3 hobgoblins
  3 jackals (D:1)
  4 quokkas
  3 frilled lizards
  6 goblins
  3 kobolds
  7 rats
  8 rat zombies (D:3)
61 creatures vanquished.

Vanquished Creatures (others)
  A plant (D:3)
1 creature vanquished.

Grand Total: 62 creatures vanquished

Notes
Turn   | Place    | Note
-------+----------+-------------------------------------------
     0 | D:1      | Bnni the Octopode Brigand began the quest for the Orb.
     0 | D:1      | Reached XP level 1. HP: 14/14 MP: 1/1
   192 | D:1      | Reached skill level 1 in Long Blades
   192 | D:1      | Reached XP level 2. HP: 11/19 MP: 2/2
   589 | D:1      | Found a faded altar of an unknown god.
   615 | D:1      | Found Zaafrel's Jewellery Shop.
   620 | D:1      | Reached XP level 3. HP: 25/25 MP: 3/3
   625 | D:1      | Learned a level 2 spell: Wereblood
   717 | D:1      | Found Cecvyvul's Assorted Antiques.
   863 | D:1      | Found Rerafew's Jewellery Shop.
  1033 | D:1      | Found Guho's Antique Armour Shop.
  1339 | D:2      | Reached skill level 1 in Unarmed Combat
  2024 | D:3      | Reached XP level 4. HP: 22/30 MP: 4/4
  2108 | D:3      | Found an ancient bone altar of Kikubaaqudgha.
  2125 | D:3      | Found a transporter.
  2174 | D:3      | Reached skill level 1 in Transmutations
  2365 | D:3      | Found a transporter.
  2658 | D:3      | Reached XP level 5. HP: 36/36 MP: 5/5
  3070 | D:4      | HP: 1/36 [orc/+0 mace (2)]
  3073 | D:4      | Slain by an orc wizard

Illustrated notes

Levels and vault maps discovered:
D:1:      onia_arrival_handbag, layout_loops_ring, serial_shops,
          nicolae_shop_stone, shop, shop, nicolae_shop_crystal,
          ebering_ecumenical_altar_ruins, minmay_misc_feat_secret_circle
D:2:      layout_loops_ring
D:3:      gammafunk_steamed_eel, layout_basic, lemuel_zombie_altar_kikubaaqudgha
D:4:      layout_cave_pools, minmay_fractal_squares_gapless_5

Skill      XL: |  1  2  3  4  5 |
---------------+----------------+-----
Long Blades    | 1 |  1.5
Unarmed Combat | 1 2 3 |  3.1
Transmutations | 1 2 |  2.0
Fighting       | 3 |  3.3
Short Blades   | |  2.0
Throwing       | |  2.0
Dodging        | |  1.0
Stealth        | |  5.6

Action                   |  1- 3 |  4- 6 || total
-------------------------+-------+-------++-------
Melee: Dagger            |    71 |    36 ||   107
       Constrict         |    19 |     8 ||    27
       Tentacles         |    12 |     8 ||    20
       Punch             |     1 |     1 ||     2
Evoke: Wand              |       |     2 ||     2
  Use: Potion            |       |     5 ||     5
 Stab: Sleeping          |    14 |     6 ||    20
Armor: Skin              |     4 |       ||     4
Dodge: Dodged            |    39 |    17 ||    56

Table legend: (Time is in decaauts)
 A = Elapsed time spent in this place.
 B = Non-inter-level travel time spent in this place.
 C = Inter-level travel time spent in this place.
 D = Time resting spent in this place.
 E = Time spent auto-exploring this place.
 F = Levels seen in this place.
 G = Mean time per level.
                   A        B        C        D        E       F      G
               +--------+--------+--------+--------+--------+-----+--------+
         Total |   3058 |   2953 |    105 |    332 |   2231 |   4 |  764.5 |
       Dungeon |   3058 |   2953 |    105 |    332 |   2231 |   4 |  764.5 |
               +--------+--------+--------+--------+--------+-----+--------+

Top non-repeatable levels by time:
     D:1: 1086 daAuts
     D:3: 1022 daAuts
     D:2: 850 daAuts
     D:4: 99 daAuts
